 Dungeon Crawl Stone Soup version 0.32-a0-128-g77eb882913 (webtiles) character file.

Game seed: 12431969382940299828

644 Avarice the Trooper (level 7, -2/44 HPs)
             Began as a Gargoyle Berserker on Feb 8, 2024.
             Was a Priest of Trog.
             Slain by Grinder (5 damage)
             ... on level 4 of the Dungeon.
             The game lasted 00:07:46 (2780 turns).

Avarice the Trooper (Gargoyle Berserker)            Turns: 2780, Time: 00:07:47

Health: -2/44      AC: 14    Str: 22    XL:     7   Next: 52%
Magic:  7/7        EV: 11    Int:  8    God:    Trog [***...]
Gold:   263        SH:  0    Dex:  9    Spells: 6/6 levels left

rFire   . . .        p - +4 quarterstaff (chaos)
rCold   . . .        (shield currently unavailable)
rNeg    + . .        m - +0 ring mail
rPois   ∞            j - +0 hat
rElec   +            q - +2 cloak
rCorr   .            (no gloves)
SInv    +            (no boots)
Will    .....        (no amulet) Stlth
                     t - ring of see invisible
HPRegen 0.27/turn    (no ring)
MPRegen 0.10/turn

%: no passive effects
@: on berserk cooldown, slowed, very slow
A: sickness immunity, AC +4, negative energy resistance 1, electricity
resistance, torment resistance 1, petrification resistance
a: Renounce Religion, Berserk, Trog's Hand


You were on level 4 of the Dungeon.
You worshipped Trog.
Trog was most pleased with you.
You visited 1 branch of the dungeon, and saw 6 of its levels.

You collected 263 gold pieces.

Inventory:

Hand Weapons
 a - a +0 hand axe
 p - a +4 quarterstaff of chaos (weapon)
Armour
 b - a +0 animal skin
 j - a +0 hat (worn)
 m - a +0 ring mail (worn)
 q - a +2 cloak (worn)
Jewellery
 t - a ring of see invisible (left hand)
 y - a +6 ring of dexterity
Scrolls
 c - 2 scrolls of poison {unknown}
 d - 3 scrolls of identify {unknown}
 e - a scroll of immolation {unknown}
 f - 2 scrolls of enchant armour {unknown}
 g - a scroll of enchant weapon {unknown}
 h - a scroll of vulnerability {unknown}
 k - a scroll of revelation {unknown}
 s - a scroll of teleportation {unknown}
 v - a scroll of noise {unknown}
 w - a scroll of fear {unknown}
 x - a scroll of acquirement {unknown}
Potions
 i - a potion of invisibility {unknown}
 l - a potion of resistance {unknown}
 n - a potion of heal wounds {unknown}
 o - a potion of brilliance {unknown}
 r - a potion of magic {unknown}
 u - 2 potions of haste {unknown}
 z - a potion of attraction {unknown}


   Skills:
 + Level 5.4 Fighting
 + Level 4.4 Axes
 + Level 4.7 Armour
 + Level 3.6 Dodging


You had 6 spell levels left.
You didn't know any spells.
Your spell library was empty.

Dungeon Overview and Level Annotations

Branches:
Dungeon (6/15)
 Temple: D:4-7

Altars:
Yredelemnul

Annotations:
D:4 Grinder


Innate Abilities, Weirdness & Mutations

You are immune to sickness and miasma.
Your stone body is resilient. (AC +4)
You are immune to poison.
You resist negative energy. (rN+)
You are resistant to electric shocks. (rElec)
You are resistant to unholy torment.
You are immune to petrification.


Message History

Grinder blinks!
You see here an amulet of faith.
You now have 263 gold pieces (gained 14).
You hear the brisk hiss of a very distant avalanche of sand.
Grinder gestures at you.
You suddenly lose the ability to move!
Grinder hits you but does no damage. x2
You can move again.
You thump Grinder!
Grinder's magic leaks into the air.
Grinder is lightly wounded.
Grinder barely misses you. Grinder hits you but does no damage.
You sock Grinder! You burn Grinder.
Grinder is heavily wounded.
Grinder hits you but does no damage. Grinder hits you.
You completely miss Grinder.
Grinder is heavily wounded.
Grinder barely misses you. Grinder hits you.
You writhe in agony.
* * * LOW HITPOINT WARNING * * *
You hit Grinder. You burn Grinder.
Grinder is heavily wounded.
Grinder closely misses you. x2
You hit Grinder.
Grinder is heavily wounded.
Grinder hits you.
* * * LOW HITPOINT WARNING * * *
You writhe in agony.
* * * LOW HITPOINT WARNING * * *
Grinder closely misses you.
You sock Grinder! You burn Grinder.
Grinder is almost dead.
Grinder's magic is no longer disrupted.
Grinder hits you.
* * * LOW HITPOINT WARNING * * *
You writhe in agony.
* * * LOW HITPOINT WARNING * * *
Grinder hits you but does no damage.
You closely miss Grinder.
Grinder is almost dead.
Grinder hits you.
You die...
Grinder says, "Hey, I wasn't done torturing you yet!"

### # #.......#
..#### ##. #.#
.....# .... #.#
#.##.# ..... #.#
...#.#
......##.####
...#.#
.....5."....##
...#.#
.......#.##..#
#.##.#
.......#5##.#.##
.....#
.......#.@.###.#
#.####
######.####.#.##
#.# ##.####..#
#>########
#........#
#........#
#........#
#.....##.#
#...######
##.##.##(####.##
#.##.........#
#.#####.######


You could see Grinder.

Vanquished Creatures
  A steam dragon (D:5)
  Duvessa (D:5)
  A scorpion (D:5)
  Dowan (D:5)
  A bombardier beetle (D:4)
  A hound (D:5)
  An orc priest (D:5)
  Crazy Yiuf (D:2)
  An iguana (D:5)
  An orc wizard (D:5)
  Robin (D:2)
  2 adders (D:2)
  3 ribbon worms
  4 dart slugs
  11 orcs
  9 ball pythons
  4 endoplasms
  2 giant cockroaches (D:3)
  12 goblins
  7 hobgoblins
  3 jackals (D:2)
  8 kobolds
  5 quokkas
  6 bats
  2 frilled lizards
  4 rats
93 creatures vanquished.

Notes
Turn   | Place    | Note
-------+----------+-------------------------------------------
     0 | D:1      | Avarice the Gargoyle Berserker began the quest for the Orb.
     0 | D:1      | Reached XP level 1. HP: 14/14 MP: 1/1
   163 | D:1      | Reached XP level 2. HP: 5/19 MP: 2/2
   358 | D:1      | Found a faded altar of an unknown god.
   630 | D:1      | Reached XP level 3. HP: 23/23 MP: 3/3
   762 | D:2      | Found a basalt altar of Yredelemnul.
   908 | D:2      | Reached XP level 4. HP: 29/29 MP: 4/4
  1055 | D:2      | Reached ** piety under Trog
  1179 | D:2      | Noticed Robin
  1186 | D:2      | Killed Robin
  1187 | D:2      | Reached skill level 4 in Fighting
  1364 | D:2      | Found a runed translucent door.
  1365 | D:2      | Noticed Crazy Yiuf
  1374 | D:2      | Killed Crazy Yiuf
  1375 | D:2      | Reached XP level 5. HP: 9/33 MP: 0/5
  1710 | D:3      | You fall into a shaft and drop 3 floors!
  1734 | D:5      | Entered Level 5 of the Dungeon
  1851 | D:5      | Reached XP level 6. HP: 39/39 MP: 6/6
  2015 | D:5      | Noticed Duvessa
  2015 | D:5      | Noticed Dowan
  2020 | D:5      | Killed Duvessa
  2024 | D:5      | Killed Dowan
  2025 | D:5      | Reached skill level 5 in Fighting
  2152 | D:5      | Noticed a steam dragon
  2177 | D:5      | Killed a steam dragon
  2178 | D:5      | Reached XP level 7. HP: 44/44 MP: 7/7
  2646 | D:3      | Reached *** piety under Trog
  2765 | D:4      | Noticed Grinder
  2769 | D:4      | Paralysed by Grinder for 5 turns
  2779 | D:4      | HP: 2/44 [Grinder (1)]
  2780 | D:4      | Slain by Grinder

Illustrated notes

Levels and vault maps discovered:
D:1:      dpeg_arrival_houses_and_road, layout_basic,
          chequers_ecumenical_altar_island, nicolae_wormholes
D:2:      layout_rooms, basic_altar, uniq_robin, uniq_crazy_yiuf_cottage
D:3:      layout_rooms, moated_statue, kennysheep_flooded_box, minmay_cupped
D:4:      layout_loops_cross, enter_ossuary_5, uniq_blork_the_orc, uniq_ijyb,
          uniq_grinder
D:5:      layout_loops_ring, lemuel_doored_altar, kennysheep_path_1,
          nicolae_shop_dragon_depot, minmay_manual_mares, uniq_duvessa,
          uniq_prince_ribbit1, uniq_menkaure
D:6:      layout_basic, temple_fountains, hellmonk_ghost_happy_afterlife,
          uniq_sigmund

Skill      XL: |  1  2  3  4  5  6 |
---------------+-------------------+-----
Dodging        | 2 3 |  3.6
Axes           | 3 4 |  4.4
Armour         | 3 4 |  4.7
Fighting       | 4 5 |  5.4

Action                     |  1- 3 |  4- 6 |  7- 9 || total
---------------------------+-------+-------+-------++-------
  Melee: Hand axe          |    92 |    46 |       ||   138
         Punch             |     1 |     1 |       ||     2
         Quarterstaff      |       |    49 |    51 ||   100
 Invoke: Berserk           |     2 |     5 |     2 ||     9
 Armour: Animal skin       |    59 |    14 |       ||    73
         Ring mail         |       |    54 |    37 ||    91
  Dodge: Dodged            |    78 |    48 |    42 ||   168

Table legend: (Time is in decaauts)
 A = Elapsed time spent in this place.
 B = Non-inter-level travel time spent in this place.
 C = Inter-level travel time spent in this place.
 D = Time resting spent in this place.
 E = Time spent auto-exploring this place.
 F = Levels seen in this place.
 G = Mean time per level.
                   A        B        C        D        E       F      G
               +--------+--------+--------+--------+--------+-----+--------+
         Total |   2902 |   2833 |     69 |    655 |   1371 |   6 |  483.7 |
       Dungeon |   2902 |   2833 |     69 |    655 |   1371 |   6 |  483.7 |
               +--------+--------+--------+--------+--------+-----+--------+

Top non-repeatable levels by time:
     D:1: 825 daAuts
     D:2: 737 daAuts
     D:5: 648 daAuts
     D:3: 539 daAuts
     D:4: 128 daAuts
     D:6: 23 daAuts
